 Dungeon Crawl Stone Soup version 0.30-a0-996-ga6910c8ee8 (webtiles) character file.

Game seed: 12766260082035959985

26859 promet the Warrior (level 13, -6/128 HPs)
             Began as a Minotaur Fighter on Apr 4, 2023.
             Was an Initiate of Ru.
             Mangled by a catoblepas (50 damage)
             ... on level 4 of the Lair of Beasts on Apr 5, 2023.
             The game lasted 01:25:55 (19564 turns).

promet the Warrior (Minotaur Fighter)              Turns: 19564, Time: 01:25:56

Health: -6/128     AC: 13    Str: 29    XL:     13   Next: 1%
Magic:  0/12       EV:  2    Int:  7    God:    Ru [......]
Gold:   856        SH:  0    Dex: 11    Spells: 11/12 levels left

rFire   + . .      SeeInvis .    a - +5 trident (venom)
rCold   + . .      Faith    .    c - +0 buckler
rNeg    . . .      Spirit   +    K - +1 ring mail {rPois}
rPois   +          Reflect  .    (helmet restricted)
rElec   .          Rampage  .    N - scarf {rC+ rF+}
rCorr   .                        V - +0 pair of gloves
Will    .....                    (no boots)
Stlth   +                        E - amulet of guardian spirit
HPRegen 0.41/turn                e - +6 ring of strength
MPRegen 0.13/turn                Y - +4 ring of protection

@: about to teleport, sleeping
A: horns 2, retaliatory headbutt
a: Renounce Religion, Sacrifice an Eye, Sacrifice Purity, Sacrifice Experience,
Reject Sacrifices


You were on level 4 of the Lair of Beasts.
You worshipped Ru.
Ru was noncommittal.
You visited 3 branches of the dungeon, and saw 16 of its levels.

You collected 856 gold pieces.

Inventory:

Hand Weapons
 a - a +5 trident of venom (weapon)
 b - a +0 sling
 l - a +1 battleaxe
 m - a +2 dagger of speed
 o - a +1 whip of pain
 D - a +4 short sword
 G - a +3 whip
 R - a +0 scimitar of flaming
Missiles
 h - 119 stones
 j - 33 poisoned darts
 r - 6 javelins
 t - a throwing net
 u - 15 boomerangs (quivered)
Armour
 c - a +0 buckler (worn)
 K - a +1 ring mail of poison resistance (worn)
 N - a scarf of resistance (worn)
 V - a +0 pair of gloves (worn)
Jewellery
 e - a +6 ring of strength (left hand)
 i - a ring of resist corrosion
 E - an amulet of guardian spirit (around neck)
 F - a ring of positive energy
 J - a +5 ring of evasion
 U - a ring of wizardry
 Y - a +4 ring of protection (right hand)
Wands
 f - a wand of roots (17)
 p - a wand of digging (4)
 H - a wand of flame (38)
 P - a wand of paralysis (3)
 S - a wand of mindburst (3)
Scrolls
 n - 3 scrolls of magic mapping
 y - 5 scrolls of teleportation
 z - a scroll of silence
 A - a scroll of summoning
 M - 4 scrolls of poison
 O - a scroll of fog
 T - a scroll of blinking
 Z - 2 scrolls of enchant armour
Potions
 d - 4 potions of might
 g - 5 potions of curing
 k - 2 potions of haste
 q - a potion of ambrosia {unknown}
 v - 3 potions of flight
 w - a potion of resistance
 x - 2 potions of attraction {unknown}
 B - 2 potions of berserk rage
 C - 2 potions of brilliance
 I - a potion of invisibility
 L - 2 potions of heal wounds
 Q - a potion of cancellation
 X - a potion of magic
Miscellaneous
 W - a phantom mirror


   Skills:
 + Level 15.9 Fighting
 + Level 1.8 Long Blades
 + Level 6.5(11.0) Axes
 + Level 13.6(14.2) Polearms
 + Level 2.0 Ranged Weapons
 + Level 4.0 Throwing
 + Level 10.8 Armour
 + Level 5.3 Dodging
 + Level 2.1 Stealth
 + Level 7.0 Shields
 + Level 4.3 Evocations


You had 11 spell levels left.
You knew the following spells:

 Your Spells              Type           Power      Damage    Failure   Level
a - Sandblast             Erth           0%         2d4       61%         1

Your spell library contained the following spells:

 Spells                   Type           Power      Damage    Failure   Level
 Kiss of Death            Conj/Necr      0%         2d5       61%         1
 Summon Small Mammal      Summ           0%         N/A       61%         1
 Cigotuvi's Dreadful Rot  Necr/Pois/Air  0%         N/A       75%         2
 Passwall                 Tmut/Erth      0%         N/A       75%         2
 Scorch                   Fire           0%         2d5       75%         2
 Call Canine Familiar     Summ           0%         N/A       93%         3
 Confusing Touch          Hex            0%         N/A       93%         3
 Ignite Poison            Fire/Tmut/Pois 0%         N/A       93%         3
 Ozocubu's Armour         Ice            0%         N/A       93%         3
 Stone Arrow              Conj/Erth      0%         3d7       93%         3
 Summon Guardian Golem    Hex/Summ       0%         N/A       93%         3
 Dispel Undead            Necr           0%         3d6       100%        4
 Flame Wave               Conj/Fire      0%         2d4       100%        4
 Olgreb's Toxic Radiance  Pois           0%         N/A       100%        4
 Sticky Flame             Conj/Fire      0%         2d3       100%        4
 Blade Hands              Tmut           0%         N/A       100%        5
 Irradiate                Conj/Tmut      0%         3d11      100%        5
 Metabolic Englaciation   Hex/Ice        0%         N/A       100%        5
 Summon Forest            Summ/Tloc      0%         N/A       100%        5
 Death Channel            Necr           0%         N/A       100%        6
 Eringya's Noxious Bog    Tmut/Pois      0%         N/A       100%        6
 Simulacrum               Ice/Necr       0%         N/A       100%        6
 Summon Cactus Giant      Summ           0%         N/A       100%        6
 Dragon Form              Tmut           0%         N/A       100%        7
 Malign Gateway           Summ/Tloc      0%         N/A       100%        7
 Ozocubu's Refrigeration  Ice            0%         4d7       100%        7
 Summon Hydra             Summ           0%         N/A       100%        7
 Ignition                 Fire           0%         3d3       100%        8
 Summon Horrible Things   Summ           0%         N/A       100%        8


Dungeon Overview and Level Annotations

Branches:
Dungeon (10/15)            Temple (1/1) D:6            Lair (5/5) D:10
 Shoals (0/4) Lair:2       Spider (0/4) Lair:3          Orc (0/2) D:10
  Slime: Lair:4-5

Altars:
Ashenzari
Cheibriados
Dithmenos
Elyvilon
Fedhas
Gozag
Hepliaklqana
Kikubaaqudgha
Makhleb
Nemelex Xobeh
Okawaru
Qazlal
Ru
Sif Muna
Trog
Uskayaw
Vehumet
Wu Jian
Xom
Yredelemnul
Zin
The Shining One

Shops:
D:5 ?

Annotations:
Lair:2 2 transporters, Unforgiven's ghost, journeyman AtFi


Innate Abilities, Weirdness & Mutations

You have a pair of horns on your head.
You reflexively headbutt those who attack you in melee.


Message History

The dream sheep bites you.
The catoblepas breathes a plume of calcifying dust at you.
The blast of calcifying dust hits you but does no damage.
You puncture the basilisk!
You kill the basilisk!
You are engulfed in calcifying dust.
The dream sheep shake their wool and sparkle.
You feel drowsy...
You fall asleep.
The dream sheep bites you.
You wake up.
The dream sheep bites you but does no damage.
The dream sheep bites you. The catoblepas barely misses you.
You furiously retaliate!
You headbutt the catoblepas.
The dream sheep attacks as you move away!
The dream sheep bites you.
The dream sheep attacks as you move away!
The dream sheep bites you but does no damage. x2
The catoblepas breathes a plume of calcifying dust at you.
The blast of calcifying dust hits you.
The yak bellows!
The dream sheep is engulfed in calcifying dust.
The dream sheep is moving more slowly.
The dream sheep is engulfed in calcifying dust.
The dream sheep is moving more slowly.
The dream sheep bites you.
The catoblepas attacks as you move away!
The catoblepas gores you!!
The yak bellows!
The dream sheep is engulfed in calcifying dust.
The dream sheep is moving more slowly.
The catoblepas attacks as you move away!
The catoblepas closely misses you.
The yak bellows!
The dream sheep is engulfed in calcifying dust.
The dream sheep stops moving altogether!
As you read the scroll of teleportation, it crumbles to dust.
You feel strangely unstable.
The dream sheep is engulfed in calcifying dust.
The dream sheep shake their wool and sparkle.
You feel drowsy...
You fall asleep.
The catoblepas gores you!!!
You die...

.......##.....###.#.##.....P#...#
##..####)...#...#...#............
#..##............................
#................................
.................................
...##.#......#...#..#.........#.#
#..###......#Y...##............##
#..........Y.....##............##
...........Y.Y.Y@Y.P............#
.................YP..........^.##
#...##........###YY..............
#..#.##......###...Y>............
#...##..>.........#......#.......
...###..............§.........#..
..............#.....§..........#.
....Y##.......###.P.....##....###
#..Y####.....## #..#.....##...###


You could see a catoblepas, 5 yaks and 4 dream sheep.

Vanquished Creatures
  2 hydras
  Erica (Lair:1)
  A skyshark (Lair:3)
  9 elephants
  A merfolk siren (Lair:2)
  4 black mambas
  A gargoyle (D:10)
  9 cane toads
  3 komodo dragons
  3 rime drakes
  A meliai (Lair:3)
  2 polar bears
  A troll (D:9)
  Grinder (D:5)
  A hornet (D:8)
  A dream sheep (Lair:4)
  4 blink frogs (Lair:1)
  A wyvern (Lair:2)
  A shadow (D:10)
  2 basilisks
  34 yaks
  2 steam dragons
  Menkaure (D:7)
  7 water moccasins
  A black bear (D:6)
  5 orc warriors
  An ice beast (D:5)
  2 ogres
  3 kobold brigands
  A gnoll sergeant (D:8)
  10 bullfrogs
  3 scorpions
  A water moccasin zombie (D:4)
  8 wights
  20 killer bees
  4 howler monkeys
  3 hounds
  3 orc priests
  3 sleepcaps
  An iguana (D:5)
  12 orc wizards
  2 scorpion zombies (D:4)
  2 hound zombies (D:4)
  A hound skeleton (D:4)
  7 gnolls
  7 adders
  5 white imps
  2 ufetubi
  2 adder zombies (D:4)
  An adder skeleton (D:4)
  4 worms
  A dart slug (D:3)
  34 orcs
  A bat (D:1)
  6 endoplasms
  4 giant cockroaches
  13 goblins
  7 hobgoblins
  4 jackals
  4 quokkas (D:2)
  11 ball pythons
  7 frilled lizards
  A jackal zombie (D:4)
  24 kobolds
  A quokka zombie (D:4)
  4 rats
329 creatures vanquished.

Vanquished Creatures (others)
  2 orc wizards
  An orc (D:6)
  A butterfly (D:10)
  26 fungi
  38 plants
68 creatures vanquished.

Grand Total: 397 creatures vanquished

Notes
Turn   | Place    | Note
-------+----------+-------------------------------------------
     0 | D:1      | promet the Minotaur Fighter began the quest for the Orb.
     0 | D:1      | Reached XP level 1. HP: 19/19 MP: 0/0
     2 | D:1      | Noticed a demigod
     2 | D:1      | Noticed a vampire
     4 | D:1      | Noticed a felid
     4 | D:1      | Noticed a vine stalker
     6 | D:1      | Noticed an octopode
     6 | D:1      | Noticed a demonspawn
     8 | D:1      | Noticed a gargoyle
     8 | D:1      | Noticed an elf
    10 | D:1      | Noticed a meteoran
    12 | D:1      | Noticed a human
    14 | D:1      | Noticed a troll
    14 | D:1      | Noticed a draconian
    16 | D:1      | Noticed a spriggan
    16 | D:1      | Noticed a ghoul
    18 | D:1      | Noticed a tengu
    20 | D:1      | Noticed an ogre
    20 | D:1      | Noticed a merfolk
    22 | D:1      | Noticed a formicid
    22 | D:1      | Noticed a minotaur
    24 | D:1      | Noticed an armataur
    26 | D:1      | Noticed a minotaur
   258 | D:1      | Reached XP level 2. HP: 27/27 MP: 1/1
   505 | D:1      | Reached XP level 3. HP: 33/33 MP: 2/2
  1029 | D:2      | Noticed a scorpion
  1042 | D:2      | Killed a scorpion
  1043 | D:2      | Reached skill level 4 in Fighting
  1043 | D:2      | Reached XP level 4. HP: 31/40 MP: 3/3
  1973 | D:2      | Reached XP level 5. HP: 40/46 MP: 4/4
  2570 | D:3      | Found an ornate altar of the Wu Jian Council.
  2736 | D:3      | Found an iron altar of Okawaru.
  2780 | D:3      | Found an opulent altar of Gozag.
  3066 | D:4      | Reached skill level 5 in Polearms
  3092 | D:4      | Reached skill level 5 in Armour
  3092 | D:4      | Reached XP level 6. HP: 45/53 MP: 5/5
  3431 | D:4      | Reached skill level 1 in Throwing
  3431 | D:4      | Reached skill level 1 in Dodging
  3569 | D:4      | Reached XP level 7. HP: 46/60 MP: 6/6
  4264 | D:5      | Entered Level 5 of the Dungeon
  4269 | D:5      | Reached skill level 5 in Fighting
  4366 | D:5      | Found Teteggif's Magic Scroll Shoppe.
  4449 | D:5      | Noticed Grinder
  4455 | D:5      | Killed Grinder
  4456 | D:5      | Reached skill level 5 in Shields
  4669 | D:5      | Reached XP level 8. HP: 67/68 MP: 7/7
  5052 | D:6      | Found a staircase to the Ecumenical Temple.
  5541 | D:5      | Reached skill level 1 in Ranged Weapons
  5721 | D:6      | Reached skill level 6 in Fighting
  6036 | Temple   | Entered the Ecumenical Temple
  6044 | Temple   | Became a worshipper of Ru the Awakened
  6695 | D:7      | Found a stormy altar of Qazlal.
  6700 | D:7      | Found a broken altar of Ashenzari.
  6725 | D:7      | Found a blossoming altar of Fedhas.
  6744 | D:7      | Reached skill level 1 in Axes
  6760 | D:7      | Reached XP level 9. HP: 48/75 MP: 6/8
  6881 | D:7      | Found a shadowy altar of Dithmenos.
  6941 | D:7      | Found a glowing silver altar of Zin.
  6949 | D:7      | Found a sparkling altar of Nemelex Xobeh.
  6950 | D:7      | Found a shimmering altar of Xom.
  7000 | D:7      | Found a radiant altar of Vehumet.
  7575 | D:7      | You fall into a shaft and drop 3 floors!
  7575 | D:10     | Entered Level 10 of the Dungeon
  8130 | D:9      | Found a basalt altar of Yredelemnul.
  8173 | D:8      | Reached skill level 14 in Fighting
  8173 | D:8      | Reached XP level 10. HP: 104/104 MP: 9/9
  8215 | D:8      | Reached skill level 5 in Axes
  8754 | D:7      | Noticed Menkaure
  8758 | D:7      | Killed Menkaure
  9549 | D:8      | Found a shimmering blue altar of Sif Muna.
 10640 | D:10     | Reached XP level 11. HP: 105/111 MP: 8/10
 10990 | D:10     | Found a glowing golden altar of the Shining One.
 11317 | D:10     | Found a staircase to the Orcish Mines.
 11318 | D:10     | Found a staircase to the Lair.
 11481 | D:10     | Found a white marble altar of Elyvilon.
 11733 | Lair:1   | Entered Level 1 of the Lair of Beasts
 11743 | Lair:1   | Reached skill level 10 in Polearms
 12072 | Lair:1   | Noticed Erica
 12082 | Lair:1   | Killed Erica
 12170 | Lair:1   | Learned a level 1 spell: Sandblast
 12532 | Lair:1   | Reached skill level 1 in Stealth
 13045 | Lair:2   | Noticed a four-headed hydra
 13059 | Lair:1   | Killed a two-headed hydra
 13574 | Lair:2   | Reached skill level 15 in Fighting
 13878 | Lair:2   | Found a transporter.
 13904 | Lair:2   | Noticed a spriggan rider
 13915 | Lair:2   | Found a transporter.
 13918 | Lair:2   | Found a bloodstained altar of Trog.
 14086 | Lair:2   | Reached skill level 1 in Evocations
 14506 | Lair:2   | Noticed Unforgiven's ghost (journeyman AtFi)
 14543 | Lair:2   | Reached skill level 10 in Armour
 14547 | Lair:2   | Found a staircase to the Shoals.
 14986 | Lair:3   | Found a hole to the Spider Nest.
 15223 | Lair:3   | Reached XP level 12. HP: 115/121 MP: 9/11
 16197 | Lair:3   | Noticed a six-headed hydra
 16215 | Lair:3   | Killed a three-headed hydra
 16216 | Lair:3   | Reached skill level 1 in Long Blades
 17535 | Lair:4   | Reached skill level 5 in Dodging
 19123 | Lair:5   | Entered Level 5 of the Lair of Beasts
 19170 | Lair:5   | Noticed a catoblepas
 19433 | Lair:4   | Reached XP level 13. HP: 121/128 MP: 12/12
 19564 | Lair:4   | Mangled by a catoblepas

Illustrated notes

Levels and vault maps discovered:
D:1:      kb_arrival_jail, layout_basic
D:2:      layout_loops_corners, serial_forest, infiniplex_forest_lined_2,
          infiniplex_forest_clump_double, infiniplex_forest_clump_double,
          infiniplex_forest_end_3, infiniplex_forest_end_3,
          infiniplex_forest_clump_long, infiniplex_forest_lined_3,
          infiniplex_forest_lined_2, chequers_serial_rivers_micro_a,
          st_stairs_11, grunt_ministairs_7
D:3:      layout_basic, kennysheep_okawaru_gauntlet,
          nicolae_gozag_cash_rules_everything_around_me, marbit_many_paths
D:4:      layout_basic, serial_undead, serial_undead_e, serial_undead_e,
          serial_undead_e, serial_undead_f, serial_undead_f, serial_undead_e
D:5:      layout_rooms, serial_shops, kennysheep_mini_moat, uniq_grinder
D:6:      layout_cave_pools, minmay_temple_entry_statues,
          hangedman_decor_growths, lemuel_flamethrower_2
D:7:      layout_loops_cross, fedhas_altar_1, vehumet_altar_wand_db,
          lemuel_tele_altar, grunt_qazlal_clouds, ashenzari_conservatory_becter,
          chequers_temple_overflow_statue_of_worship, minivault_23,
          uniq_menkaure
D:8:      layout_basic, mainiacjoe_overflow_24_doors
D:9:      layout_cave_pools, overflow_temple_1_default
D:10:     hellmonk_ruined_rings, layout_small_grid,
          nicolae_elyvilon_peaceful_grove, old_standard_altar, lair_entry_dummy
Temple:   nicolae_temple_little_seven
Lair:1:   layout_cave_pods, gauntlet_entry_generic, cheibrodos_lair_reptile_den,
          lemuel_fruit_fields, uniq_erica
Lair:2:   layout_big_grid, minmay_shoals_entry_lonely_mermaid,
          gammafunk_ghost_wrathful_warriors
Lair:3:   layout_loops_ring, hellmonk_spider_entry_not_the_bees, st_stairs_12,
          beast_lair_carwin_9
Lair:4:   layout_gridlike, serial_bayou_shore_b
Lair:5:   guppyfry_lair_end_dragon, layout_cave_pods,
          hangedman_lair_caniforms_friends, slime_entry_2,
          nicolae_volcano_entry_lava_flow, grunt_megastairs_3,
          infiniplex_staircase_pool, serial_bayou_shore_a

Skill      XL: |  1  2  3  4  5  6  7  8  9 10 11 12 |
---------------+-------------------------------------+-----
Shields        | 4 5 6 7 |  7.0
Polearms       | 3 4 5 6 7 9 11 13 | 13.6
Armour         | 4 5 6 8 9 10 | 10.8
Fighting       | 4 5 6 14 15 | 15.9
Throwing       | 1 2 3 4 |  4.0
Dodging        | 1 3 4 5 |  5.3
Ranged Weapons | 1 2 |  2.0
Axes           | 2 4 6 |  6.5
Stealth        | 1 2 |  2.1
Evocations     | 2 4 |  4.3
Long Blades    | 1 |  1.8

Action                     |  1- 3 |  4- 6 |  7- 9 | 10-12 | 13-15 || total
---------------------------+-------+-------+-------+-------+-------++-------
  Melee: Trident           |    75 |   180 |   192 |   488 |     3 ||   938
         Headbutt          |     7 |    24 |    46 |   110 |       ||   187
         Battleaxe         |       |       |    61 |    18 |       ||    79
         Scimitar          |       |       |       |     6 |       ||     6
   Fire: Sling             |       |       |     8 |     4 |       ||    12
  Throw: Stone             |       |     4 |       |     1 |       ||     5
         Boomerang         |       |    15 |     6 |    45 |       ||    66
         Javelin           |       |       |     2 |     2 |       ||     4
         Throwing net      |       |       |     2 |       |       ||     2
         Dart              |       |       |       |     4 |       ||     4
  Evoke: Wand              |       |       |     1 |     2 |       ||     3
    Use: Scroll            |     3 |       |    14 |     9 |     1 ||    27
         Potion            |       |       |     5 |     2 |       ||     7
   Stab: Petrified         |       |       |       |     3 |       ||     3
         Sleeping          |       |       |       |     1 |       ||     1
 Armour: Scale mail        |    38 |    59 |   103 |       |       ||   200
         Ring mail         |       |       |     1 |   107 |    16 ||   124
  Dodge: Dodged            |    29 |    42 |   141 |   229 |     5 ||   446
  Block: Buckler           |    15 |    17 |    29 |    79 |     1 ||   141

Table legend: (Time is in decaauts)
 A = Elapsed time spent in this place.
 B = Non-inter-level travel time spent in this place.
 C = Inter-level travel time spent in this place.
 D = Time resting spent in this place.
 E = Time spent auto-exploring this place.
 F = Levels seen in this place.
 G = Mean time per level.
                   A        B        C        D        E       F      G
               +--------+--------+--------+--------+--------+-----+--------+
         Total |  19533 |  18724 |    809 |   6593 |   4937 |  16 | 1220.8 |
       Dungeon |  11773 |  11271 |    502 |   3460 |   3472 |  10 | 1177.3 |
        Temple |     16 |     16 |      0 |      0 |      0 |   1 |   16.0 |
          Lair |   7743 |   7436 |    307 |   3133 |   1464 |   5 | 1548.6 |
               +--------+--------+--------+--------+--------+-----+--------+

Top non-repeatable levels by time:
  Lair:3: 2258 daAuts
  Lair:4: 2226 daAuts
  Lair:2: 1713 daAuts
  Lair:1: 1501 daAuts
     D:2: 1489 daAuts
    D:10: 1484 daAuts
     D:7: 1483 daAuts
     D:4: 1261 daAuts
     D:8: 1200 daAuts
     D:9: 1120 daAuts
     D:5: 1103 daAuts
     D:6: 1078 daAuts
     D:1: 955 daAuts
     D:3: 597 daAuts
  Lair:5: 44 daAuts
